Hurricanes vs Jets

Created - 13 novembre 2017 at 20:22

Goals
1 2 3 T
Hurricanes 2 1 0 3
Jets 1 0 0 1
Shots
1 2 3 T
Hurricanes 9 9 3 21
Jets 10 7 6 23

1st period

1. Hurricanes , Lee Stempniak 3 (Zach Parise 7, Leo Komarov 8) at 1:00
2. Jets , Jamie Benn 15 (Mikko Koivu 22, Nick Holden 8) at 15:34
3. Hurricanes , Brian Dumoulin 5 (Bryan Little 11, Nick Foligno 17) at 16:40

Penalties :
Bryan Rust (WPG) for Slashing (Minor) at 5:03, Lee Stempniak (CAR) for Hooking (Minor) at 12:13

2nd period

4. Hurricanes , Zach Parise 8 (Lee Stempniak 7) at 8:05

Penalties :
Frans Nielsen (WPG) for Tripping (Minor) at 11:02

3rd period

No Goal

Penalties :
No Penalty

Goalie Stats

Frederik Andersen (CAR), 22 saves from 23 shots - (0.957), W, 12-6-0, 60:00 minutes
Keith Kinkaid (WPG), 7 saves from 7 shots - (1.000), 31:55 minutes
Cory Schneider (WPG), 11 saves from 14 shots - (0.786), L, 9-8-2, 28:05 minutes

Players Stats for Hurricanes

Player Name              G  A  P  +/- PIM S  H  SB GA TA FO     MP     PP MP  PK MP  
------------------------------------------------------------------------------------
Alex Chiasson            0  0  0   0  0   2  0  0  0  0  0/1    13:24   0:00   0:00 
Brad Richardson          0  0  0   0  0   1  0  0  0  0  1/1    13:27   0:00   0:00 
Brett Pesce              0  0  0   2  0   0  0  1  0  0  0/0    21:13   1:49   0:33 
Brian Dumoulin           1  0  1   2  0   1  1  1  0  0  0/0    21:18   1:49   0:33 
Brian Strait             0  0  0   0  0   2  0  1  0  0  0/0    13:49   0:00   0:00 
Bryan Little             0  1  1   0  0   2  0  0  0  0  11/29  23:20   1:33   1:19 
Carl Hagelin             0  0  0   0  0   0  0  0  0  0  0/1     0:49   0:00   0:00 
Derek Ryan               0  0  0   0  0   2  0  0  0  0  10/13  13:24   0:00   0:00 
Dustin Byfuglien         0  0  0   0  0   1  4  0  0  0  0/0    24:58   2:09   1:26 
Keith Yandle             0  0  0   0  0   0  0  2  0  0  0/0    24:37   1:56   1:26 
Lee Stempniak            1  1  2   2  2   4  4  1  0  0  0/0    21:46   2:25   0:00 
Leo Komarov              0  1  1   2  0   2  1  0  0  0  8/22   22:27   2:25   0:40 
Marcus Foligno           0  0  0   0  0   0  1  0  0  0  0/0     7:00   0:00   0:00 
Michael Frolik           0  0  0   0  0   1  0  0  0  0  0/0    15:50   1:33   0:00 
Nick Foligno             0  1  1   0  0   1  1  0  0  0  1/1    23:20   1:33   1:19 
Patrick Wiercioch        0  0  0   0  0   0  0  0  0  0  0/0    14:02   0:13   0:00 
Tom Pyatt                0  0  0   0  0   0  0  0  0  0  0/0     0:49   0:00   0:00 
Zach Parise              1  1  2   2  0   2  0  0  0  0  1/1    22:27   2:25   0:40 

Players Stats for Jets

Player Name              G  A  P  +/- PIM S  H  SB GA TA FO     MP     PP MP  PK MP  
------------------------------------------------------------------------------------
Alan Quine               0  0  0   0  0   1  0  0  0  0  0/0     8:18   0:00   2:19 
Braydon Coburn           0  0  0   0  0   0  0  1  0  0  0/0    11:25   0:00   0:00 
Brock Nelson             0  0  0   0  0   0  1  2  0  0  0/0    15:01   0:40   0:13 
Bryan Rust               0  0  0   0  2   0  2  0  0  0  0/0    14:46   0:00   0:42 
Cam Atkinson             0  0  0  -2  0   4  1  0  0  0  0/2    21:52   1:19   0:00 
Connor Carrick           0  0  0   0  0   0  0  0  0  0  0/0     5:56   0:00   0:00 
Frans Nielsen            0  0  0   0  2   4  0  0  0  0  10/18  15:36   0:40   0:49 
Hampus Lindholm          0  0  0  -1  0   1  2  1  0  0  0/0    23:05   1:19   2:07 
Jamie Benn               1  0  1  -2  0   4  5  1  0  0  1/3    21:52   1:19   0:00 
Jonas Brodin             0  0  0  -1  0   0  1  0  0  0  0/0    22:36   0:40   2:07 
Mika Zibanejad           0  0  0   0  0   1  0  0  0  0  5/9    13:23   0:00   0:00 
Mikko Koivu              0  1  1  -2  0   1  0  0  0  0  13/23  23:18   1:19   1:26 
Nick Holden              0  1  1  -1  0   1  3  2  0  0  0/0    20:13   1:19   1:51 
Ondrej Kase              0  0  0   0  0   0  0  0  0  0  0/0    13:23   0:00   0:00 
Radek Faksa              0  0  0   0  0   3  0  0  0  0  7/13    8:26   0:00   2:27 
Radko Gudas              0  0  0   0  0   0  6  0  0  0  0/0    19:02   0:00   1:51 
Rickard Rakell           0  0  0   0  0   1  2  0  0  0  1/1    20:05   0:40   0:00 
Tobias Enstrom           0  0  0  -1  0   2  0  1  0  0  0/0    17:43   0:40   0:00 

3 Stars

1 - Lee Stempniak (CAR)
2 - Zach Parise (CAR)
3 - Brian Dumoulin (CAR)

Power Play

Hurricanes - 0 on 2 Attempt(s) - 0.00%
Jets - 0 on 1 Attempt(s) - 0.00%

Penalty Kill

Hurricanes - 1 on 1 Attempt(s) - 100.00% - Score 0 goal in Penalty Kill
Jets - 2 on 2 Attempt(s) - 100.00% - Score 0 goal in Penalty Kill

Team Stat

Hurricanes - Hits : 12 - Faceoff Wins : 32 - Blocked Shots : 6 - Penalty Minutes : 2
Jets - Hits : 23 - Faceoff Wins : 37 - Blocked Shots : 8 - Penalty Minutes : 4

Official

Referees : Francis Charron and Steve Kozari
Linesman : Mike Cvik and Matt MacPherson

Game Notes

Keith Kinkaid enters game at 8:05 of 2nd period

Finance

Level 1 -- Attendance: 4209 (70.15%) -- Ticket Income 589 260 $
Level 2 -- Attendance: 2298 (45.96%) -- Ticket Income 298 740 $
Level 3 -- Attendance: 1345 (61.14%) -- Ticket Income 161 400 $
Level 4 -- Attendance: 927 (91.24%) -- Ticket Income 101 970 $
Luxury Box -- Attendance: 537 (67.13%) -- Ticket Income 182 580 $
Game was played at the MTS Center.
Total Attendance: 9316 (62.04%)
Total Ticket Income: 1 333 950 $
Other Income: 200 092 $
Total Income: 1 534 042 $

% Time on Ice - Hurricanes

Lines # - Real PCT - Wanted PCT - Time Play
Normal Forward
1 - 26% - 40% - 14:17
2 - 36% - 30% - 19:22
3 - 25% - 20% - 13:24
4 - 13% - 10% - 7:00
Normal Defense
1 - 38% - 40% - 20:39
2 - 32% - 30% - 17:15
3 - 26% - 20% - 13:49
4 - 4% - 10% - 2:20
PP Forward
1 - 39% - 60% - 1:33
2 - 61% - 40% - 2:25
PP Defense
1 - 54% - 60% - 2:09
2 - 46% - 40% - 1:49
PK Forward
1 - 66% - 60% - 1:19
2 - 34% - 40% - 0:40
PK Defense
1 - 72% - 60% - 1:26
2 - 28% - 40% - 0:33
PK3 Forward
1 - 0% - 60%
2 - 0% - 40%
PK3 Defense
1 - 0% - 60%
2 - 0% - 40%
44 Forward
1 - 0% - 60%
2 - 0% - 40%
44 Defense
1 - 0% - 60%
2 - 0% - 40%
Last Minute Offensive  - 0:00
Last Minute Defensive  - 0:00
Total
Forward - 60:00
Defense - 60:00

% Time on Ice - Jets

Lines # - Real PCT - Wanted PCT - Time Play
Normal Forward
1 - 38% - 40% - 20:33
2 - 26% - 30% - 14:08
3 - 25% - 20% - 13:23
4 - 11% - 10% - 5:59
Normal Defense
1 - 36% - 40% - 19:39
2 - 32% - 30% - 17:03
3 - 21% - 20% - 11:25
4 - 11% - 10% - 5:56
PP Forward
1 - 66% - 60% - 1:19
2 - 34% - 40% - 0:40
PP Defense
1 - 66% - 60% - 1:19
2 - 34% - 40% - 0:40
PK Forward
1 - 62% - 60% - 2:27
2 - 38% - 40% - 1:31
PK Defense
1 - 53% - 60% - 2:07
2 - 47% - 40% - 1:51
PK3 Forward
1 - 0% - 60%
2 - 0% - 40%
PK3 Defense
1 - 0% - 60%
2 - 0% - 40%
44 Forward
1 - 0% - 60%
2 - 0% - 40%
44 Defense
1 - 0% - 60%
2 - 0% - 40%
Last Minute Offensive  - 0:00
Last Minute Defensive  - 0:00
Total
Forward - 60:00
Defense - 60:00

Play by Play

1st period


0:01 of 1st period - Bryan Little wins face-off versus Mikko Koivu in neutral zone.
0:07 of 1st period - Michael Frolik is hit by Hampus Lindholm and loses puck.
0:22 of 1st period - Shot by Jamie Benn.
0:22 of 1st period - Stopped by Frederik Andersen with a rebound.
0:26 of 1st period - Shot by Jamie Benn.
0:26 of 1st period - Shot Misses the Net.
1:00 of 1st period - Shot by Lee Stempniak.
1:00 of 1st period - Goal by Lee Stempniak - Hurricanes : 1 - Jets : 0.
1:01 of 1st period - Frans Nielsen wins face-off versus Derek Ryan in neutral zone.
1:34 of 1st period - Shot by Derek Ryan.
1:34 of 1st period - Stopped by Cory Schneider without a rebound.
1:35 of 1st period - Leo Komarov wins face-off versus Mika Zibanejad in Jets zone.
1:38 of 1st period - Shot by Lee Stempniak.
1:38 of 1st period - Shot Misses the Net.
2:11 of 1st period - Leo Komarov is hit by Bryan Rust and loses puck.
2:15 of 1st period - Brian Dumoulin is hit by Radko Gudas and loses puck.
2:43 of 1st period - Alan Quine is hit by Dustin Byfuglien and loses puck.
3:10 of 1st period - Dustin Byfuglien is hit by Rickard Rakell and loses puck.
3:29 of 1st period - Shot by Cam Atkinson.
3:29 of 1st period - Stopped by Frederik Andersen with a rebound.
3:43 of 1st period - Icing by Dustin Byfuglien.
3:44 of 1st period - Frans Nielsen wins face-off versus Bryan Little in Hurricanes zone.
3:55 of 1st period - Shot by Frans Nielsen.
3:55 of 1st period - Shot Blocked by Keith Yandle.
4:02 of 1st period - Bryan Little is hit by Radko Gudas.
4:09 of 1st period - Icing by Radko Gudas.
4:10 of 1st period - Frans Nielsen wins face-off versus Leo Komarov in Jets zone.
4:17 of 1st period - Icing by Brett Pesce.
4:18 of 1st period - Mikko Koivu wins face-off versus Leo Komarov in Hurricanes zone.
4:43 of 1st period - Shot by Lee Stempniak.
4:43 of 1st period - Stopped by Cory Schneider without a rebound.
4:44 of 1st period - Mika Zibanejad wins face-off versus Derek Ryan in Jets zone.
5:03 of 1st period - Minor Penalty to Bryan Rust for Slashing.
5:04 of 1st period - Radek Faksa wins face-off versus Leo Komarov in Jets zone.
5:04 of 1st period - Radek Faksa is hit by Lee Stempniak.
5:11 of 1st period - Icing by Brian Dumoulin.
5:12 of 1st period - Radek Faksa wins face-off versus Leo Komarov in Hurricanes zone.
7:00 of 1st period - Off-side.
7:01 of 1st period - Bryan Little wins face-off versus Radek Faksa in neutral zone.
7:56 of 1st period - Nick Foligno is hit by Radko Gudas and loses puck.
8:03 of 1st period - Shot by Mikko Koivu.
8:03 of 1st period - Shot Misses the Net.
8:07 of 1st period - Shot by Jamie Benn.
8:07 of 1st period - Shot Misses the Net.
8:14 of 1st period - Cam Atkinson is hit by Brian Dumoulin and loses puck.
8:17 of 1st period - Shot by Jamie Benn.
8:17 of 1st period - Stopped by Frederik Andersen without a rebound.
8:18 of 1st period - Frans Nielsen wins face-off versus Leo Komarov in Hurricanes zone.
8:24 of 1st period - Off-side.
8:25 of 1st period - Leo Komarov wins face-off versus Frans Nielsen in neutral zone.
8:34 of 1st period - Shot by Leo Komarov.
8:34 of 1st period - Stopped by Cory Schneider without a rebound.
8:35 of 1st period - Derek Ryan wins face-off versus Mikko Koivu in Jets zone.
9:01 of 1st period - Shot by Cam Atkinson.
9:01 of 1st period - Stopped by Frederik Andersen without a rebound.
9:02 of 1st period - Frans Nielsen wins face-off versus Bryan Little in Hurricanes zone.
9:13 of 1st period - Shot by Nick Foligno.
9:13 of 1st period - Shot Blocked by Braydon Coburn.
9:19 of 1st period - Shot by Bryan Little.
9:19 of 1st period - Shot Blocked by Brock Nelson.
10:03 of 1st period - Icing by Keith Yandle.
10:04 of 1st period - Jamie Benn wins face-off versus Leo Komarov in Hurricanes zone.
12:13 of 1st period - Minor Penalty to Lee Stempniak for Hooking.
12:14 of 1st period - Mikko Koivu wins face-off versus Bryan Little in Hurricanes zone.
12:15 of 1st period - Shot by Jamie Benn.
12:15 of 1st period - Deflect By Cam Atkinson.
12:15 of 1st period - Stopped by Frederik Andersen without a rebound.
12:16 of 1st period - Mikko Koivu wins face-off versus Bryan Little in Hurricanes zone.
12:52 of 1st period - Icing by Mikko Koivu.
12:53 of 1st period - Zach Parise wins face-off versus Mikko Koivu in Jets zone.
12:56 of 1st period - Shot by Leo Komarov.
12:56 of 1st period - Stopped by Cory Schneider without a rebound.
12:57 of 1st period - Rickard Rakell wins face-off versus Bryan Little in Jets zone.
13:32 of 1st period - Shot by Jonas Brodin.
13:32 of 1st period - Shot Misses the Net.
14:03 of 1st period - Shot by Jamie Benn.
14:03 of 1st period - Shot Hit the Post.
14:05 of 1st period - Shot by Jamie Benn.
14:05 of 1st period - Shot Misses the Net.
14:07 of 1st period - Shot by Nick Holden.
14:07 of 1st period - Shot Misses the Net.
14:09 of 1st period - Shot by Hampus Lindholm.
14:09 of 1st period - Stopped by Frederik Andersen with a rebound.
15:18 of 1st period - Shot by Radek Faksa.
15:18 of 1st period - Stopped by Frederik Andersen without a rebound.
15:19 of 1st period - Mikko Koivu wins face-off versus Bryan Little in Hurricanes zone.
15:34 of 1st period - Shot by Jamie Benn.
15:34 of 1st period - Goal by Jamie Benn - Hurricanes : 1 - Jets : 1.
15:35 of 1st period - Derek Ryan wins face-off versus Frans Nielsen in neutral zone.
15:56 of 1st period - Shot by Brad Richardson.
15:56 of 1st period - Shot Blocked by Hampus Lindholm.
16:04 of 1st period - Shot by Brad Richardson.
16:04 of 1st period - Shot Misses the Net.
16:30 of 1st period - Shot by Mikko Koivu.
16:30 of 1st period - Stopped by Frederik Andersen with a rebound.
16:32 of 1st period - Shot by Tobias Enstrom.
16:32 of 1st period - Stopped by Frederik Andersen without a rebound.
16:33 of 1st period - Nick Foligno wins face-off versus Cam Atkinson in Hurricanes zone.
16:38 of 1st period - Shot by Nick Foligno.
16:38 of 1st period - Deflect By Bryan Little.
16:38 of 1st period - Shot Blocked by Jamie Benn.
16:40 of 1st period - Shot by Brian Dumoulin.
16:40 of 1st period - Goal by Brian Dumoulin - Hurricanes : 2 - Jets : 1.
16:41 of 1st period - Mikko Koivu wins face-off versus Leo Komarov in neutral zone.
17:02 of 1st period - Icing by Zach Parise.
17:03 of 1st period - Mika Zibanejad wins face-off versus Leo Komarov in Hurricanes zone.
17:22 of 1st period - Shot by Lee Stempniak.
17:22 of 1st period - Stopped by Cory Schneider without a rebound.
17:23 of 1st period - Mikko Koivu wins face-off versus Bryan Little in Jets zone.
17:36 of 1st period - Shot by Bryan Little.
17:36 of 1st period - Shot Misses the Net.
17:38 of 1st period - Shot by Michael Frolik.
17:38 of 1st period - Stopped by Cory Schneider without a rebound.
17:39 of 1st period - Derek Ryan wins face-off versus Frans Nielsen in Jets zone.
17:42 of 1st period - Shot by Alex Chiasson.
17:42 of 1st period - Stopped by Cory Schneider without a rebound.
17:43 of 1st period - Mikko Koivu wins face-off versus Bryan Little in Jets zone.
18:37 of 1st period - Icing by Keith Yandle.
18:38 of 1st period - Bryan Little wins face-off versus Frans Nielsen in Hurricanes zone.
18:38 of 1st period - Bryan Little is hit by Nick Holden.
18:51 of 1st period - Icing by Dustin Byfuglien.
18:52 of 1st period - Bryan Little wins face-off versus Mika Zibanejad in Hurricanes zone.
19:53 of 1st period - Shot by Derek Ryan.
19:53 of 1st period - Shot Misses the Net.
Goals for this period are 2 for Hurricanes vs 1 for Jets.
Shots for this period are 9 for Hurricanes vs 10 for Jets.

2nd period


0:01 of 2nd period - Mikko Koivu wins face-off versus Bryan Little in neutral zone.
0:04 of 2nd period - Dustin Byfuglien is hit by Jamie Benn and loses puck.
0:10 of 2nd period - Michael Frolik is hit by Jonas Brodin and loses puck.
0:17 of 2nd period - Shot by Bryan Little.
0:17 of 2nd period - Stopped by Cory Schneider without a rebound.
0:18 of 2nd period - Frans Nielsen wins face-off versus Leo Komarov in Jets zone.
0:18 of 2nd period - Frans Nielsen is hit by Leo Komarov.
0:32 of 2nd period - Shot by Frans Nielsen.
0:32 of 2nd period - Shot Misses the Net.
0:37 of 2nd period - Off-side.
0:38 of 2nd period - Bryan Little wins face-off versus Jamie Benn in neutral zone.
0:38 of 2nd period - Michael Frolik is hit by Jamie Benn and loses puck.
0:51 of 2nd period - Shot by Cam Atkinson.
0:51 of 2nd period - Shot Blocked by Keith Yandle.
1:07 of 2nd period - Shot by Cam Atkinson.
1:07 of 2nd period - Stopped by Frederik Andersen with a rebound.
1:22 of 2nd period - Keith Yandle is hit by Hampus Lindholm and loses puck.
2:13 of 2nd period - Shot by Frans Nielsen.
2:13 of 2nd period - Shot Blocked by Brian Dumoulin.
3:06 of 2nd period - Shot by Rickard Rakell.
3:06 of 2nd period - Shot Misses the Net.
3:08 of 2nd period - Shot by Radek Faksa.
3:08 of 2nd period - Stopped by Frederik Andersen without a rebound.
3:09 of 2nd period - Mikko Koivu wins face-off versus Derek Ryan in Hurricanes zone.
3:10 of 2nd period - Shot by Jamie Benn.
3:10 of 2nd period - Shot Hit the Post.
3:12 of 2nd period - Shot by Cam Atkinson.
3:12 of 2nd period - Shot Misses the Net.
3:14 of 2nd period - Shot by Nick Holden.
3:14 of 2nd period - Shot Misses the Net.
3:16 of 2nd period - Shot by Nick Holden.
3:16 of 2nd period - Stopped by Frederik Andersen without a rebound.
3:17 of 2nd period - Derek Ryan wins face-off versus Mikko Koivu in Hurricanes zone.
3:17 of 2nd period - Derek Ryan is hit by Jamie Benn.
4:12 of 2nd period - Icing by Dustin Byfuglien.
4:13 of 2nd period - Frans Nielsen wins face-off versus Bryan Little in Hurricanes zone.
4:19 of 2nd period - Brock Nelson is hit by Dustin Byfuglien and loses puck.
5:06 of 2nd period - Icing by Frans Nielsen.
5:07 of 2nd period - Derek Ryan wins face-off versus Frans Nielsen in Jets zone.
5:22 of 2nd period - Shot by Alex Chiasson.
5:22 of 2nd period - Shot Misses the Net.
5:26 of 2nd period - Shot by Brad Richardson.
5:26 of 2nd period - Shot Misses the Net.
5:28 of 2nd period - Shot by Brad Richardson.
5:28 of 2nd period - Shot Blocked by Tobias Enstrom.
5:30 of 2nd period - Shot by Brad Richardson.
5:30 of 2nd period - Shot Misses the Net.
5:32 of 2nd period - Shot by Brad Richardson.
5:32 of 2nd period - Shot Blocked by Brock Nelson.
5:34 of 2nd period - Shot by Brad Richardson.
5:34 of 2nd period - Shot Blocked by Nick Holden.
5:36 of 2nd period - Shot by Brian Strait.
5:36 of 2nd period - Stopped by Cory Schneider without a rebound.
5:37 of 2nd period - Mikko Koivu wins face-off versus Leo Komarov in Jets zone.
5:37 of 2nd period - Mikko Koivu is hit by Lee Stempniak.
5:59 of 2nd period - Shot by Mikko Koivu.
5:59 of 2nd period - Shot Misses the Net.
6:13 of 2nd period - Shot by Lee Stempniak.
6:13 of 2nd period - Stopped by Cory Schneider without a rebound.
6:14 of 2nd period - Bryan Little wins face-off versus Mika Zibanejad in Jets zone.
7:31 of 2nd period - Shot by Alex Chiasson.
7:31 of 2nd period - Stopped by Cory Schneider without a rebound.
7:32 of 2nd period - Radek Faksa wins face-off versus Leo Komarov in Jets zone.
7:45 of 2nd period - Shot by Alan Quine.
7:45 of 2nd period - Stopped by Frederik Andersen without a rebound.
7:46 of 2nd period - Mikko Koivu wins face-off versus Leo Komarov in Hurricanes zone.
7:51 of 2nd period - Shot by Cam Atkinson.
7:51 of 2nd period - Shot Misses the Net.
8:05 of 2nd period - Shot by Zach Parise.
8:05 of 2nd period - Goal by Zach Parise - Hurricanes : 3 - Jets : 1.
8:05 of 2nd period - Keith Kinkaid enters game.
8:06 of 2nd period - Frans Nielsen wins face-off versus Bryan Little in neutral zone.
8:17 of 2nd period - Shot by Frans Nielsen.
8:17 of 2nd period - Stopped by Frederik Andersen with a rebound.
8:33 of 2nd period - Bryan Little is hit by Rickard Rakell and loses puck.
8:42 of 2nd period - Shot by Rickard Rakell.
8:42 of 2nd period - Shot Misses the Net.
9:24 of 2nd period - Shot by Cam Atkinson.
9:24 of 2nd period - Shot Blocked by Lee Stempniak.
9:29 of 2nd period - Zach Parise is hit by Jamie Benn and loses puck.
9:59 of 2nd period - Shot by Brad Richardson.
9:59 of 2nd period - Shot Misses the Net.
10:01 of 2nd period - Shot by Brian Strait.
10:01 of 2nd period - Stopped by Keith Kinkaid without a rebound.
10:02 of 2nd period - Bryan Little wins face-off versus Mika Zibanejad in Jets zone.
11:02 of 2nd period - Minor Penalty to Frans Nielsen for Tripping.
11:03 of 2nd period - Leo Komarov wins face-off versus Radek Faksa in Jets zone.
11:17 of 2nd period - Icing by Keith Yandle.
11:18 of 2nd period - Leo Komarov wins face-off versus Radek Faksa in Hurricanes zone.
11:52 of 2nd period - Shot by Dustin Byfuglien.
11:52 of 2nd period - Stopped by Keith Kinkaid without a rebound.
11:53 of 2nd period - Mikko Koivu wins face-off versus Bryan Little in Jets zone.
12:11 of 2nd period - Icing by Brett Pesce.
12:12 of 2nd period - Radek Faksa wins face-off versus Bryan Little in Hurricanes zone.
13:44 of 2nd period - Icing by Tobias Enstrom.
13:45 of 2nd period - Leo Komarov wins face-off versus Cam Atkinson in Jets zone.
13:48 of 2nd period - Shot by Leo Komarov.
13:48 of 2nd period - Shot Misses the Net.
14:59 of 2nd period - Shot by Mika Zibanejad.
14:59 of 2nd period - Stopped by Frederik Andersen without a rebound.
15:00 of 2nd period - Bryan Little wins face-off versus Frans Nielsen in Hurricanes zone.
16:49 of 2nd period - Shot by Bryan Little.
16:49 of 2nd period - Stopped by Keith Kinkaid with a rebound.
17:06 of 2nd period - Marcus Foligno is hit by Cam Atkinson and loses puck.
17:51 of 2nd period - Shot by Leo Komarov.
17:51 of 2nd period - Shot Misses the Net.
18:16 of 2nd period - Shot by Bryan Rust.
18:16 of 2nd period - Shot Blocked by Brian Strait.
18:18 of 2nd period - Shot by Tobias Enstrom.
18:18 of 2nd period - Stopped by Frederik Andersen without a rebound.
18:19 of 2nd period - Derek Ryan wins face-off versus Radek Faksa in Hurricanes zone.
18:42 of 2nd period - Shot by Derek Ryan.
18:42 of 2nd period - Stopped by Keith Kinkaid with a rebound.
18:45 of 2nd period - Icing by Tobias Enstrom.
18:46 of 2nd period - Leo Komarov wins face-off versus Radek Faksa in Jets zone.
19:40 of 2nd period - Brian Dumoulin is hit by Radko Gudas and loses puck.
Goals for this period are 1 for Hurricanes vs 0 for Jets.
Shots for this period are 9 for Hurricanes vs 7 for Jets.

3rd period


0:01 of 3rd period - Bryan Little wins face-off versus Mikko Koivu in neutral zone.
0:56 of 3rd period - Brock Nelson is hit by Dustin Byfuglien and loses puck.
2:45 of 3rd period - Shot by Jamie Benn.
2:45 of 3rd period - Shot Hit the Post.
2:47 of 3rd period - Shot by Hampus Lindholm.
2:47 of 3rd period - Shot Misses the Net.
2:53 of 3rd period - Shot by Mikko Koivu.
2:53 of 3rd period - Shot Misses the Net.
3:48 of 3rd period - Dustin Byfuglien is hit by Bryan Rust and loses puck.
4:08 of 3rd period - Icing by Tobias Enstrom.
4:09 of 3rd period - Mika Zibanejad wins face-off versus Carl Hagelin in Jets zone.
4:54 of 3rd period - Shot by Jamie Benn.
4:54 of 3rd period - Stopped by Frederik Andersen without a rebound.
4:55 of 3rd period - Brad Richardson wins face-off versus Frans Nielsen in Hurricanes zone.
4:55 of 3rd period - Brad Richardson is hit by Brock Nelson.
5:04 of 3rd period - Derek Ryan is hit by Radko Gudas and loses puck.
5:56 of 3rd period - Shot by Zach Parise.
5:56 of 3rd period - Shot Blocked by Nick Holden.
6:11 of 3rd period - Cam Atkinson is hit by Lee Stempniak and loses puck.
6:18 of 3rd period - Shot by Cam Atkinson.
6:18 of 3rd period - Shot Misses the Net.
7:58 of 3rd period - Shot by Brad Richardson.
7:58 of 3rd period - Stopped by Keith Kinkaid without a rebound.
7:59 of 3rd period - Derek Ryan wins face-off versus Mikko Koivu in Jets zone.
8:15 of 3rd period - Icing by Dustin Byfuglien.
8:16 of 3rd period - Derek Ryan wins face-off versus Mikko Koivu in Hurricanes zone.
8:29 of 3rd period - Shot by Derek Ryan.
8:29 of 3rd period - Shot Misses the Net.
10:12 of 3rd period - Icing by Tobias Enstrom.
10:13 of 3rd period - Mika Zibanejad wins face-off versus Bryan Little in Jets zone.
10:13 of 3rd period - Mika Zibanejad is hit by Marcus Foligno.
10:28 of 3rd period - Nick Foligno is hit by Nick Holden and loses puck.
10:40 of 3rd period - Off-side.
10:41 of 3rd period - Frans Nielsen wins face-off versus Alex Chiasson in neutral zone.
10:52 of 3rd period - Shot by Brock Nelson.
10:52 of 3rd period - Shot Misses the Net.
11:02 of 3rd period - Shot by Frans Nielsen.
11:02 of 3rd period - Stopped by Frederik Andersen without a rebound.
11:03 of 3rd period - Radek Faksa wins face-off versus Leo Komarov in Hurricanes zone.
11:15 of 3rd period - Icing by Radko Gudas.
11:16 of 3rd period - Radek Faksa wins face-off versus Bryan Little in Jets zone.
11:23 of 3rd period - Shot by Radek Faksa.
11:23 of 3rd period - Stopped by Frederik Andersen without a rebound.
11:24 of 3rd period - Bryan Little wins face-off versus Jamie Benn in Hurricanes zone.
11:33 of 3rd period - Shot by Nick Foligno.
11:33 of 3rd period - Stopped by Keith Kinkaid without a rebound.
11:34 of 3rd period - Mika Zibanejad wins face-off versus Leo Komarov in Jets zone.
12:09 of 3rd period - Jonas Brodin is hit by Lee Stempniak and loses puck.
12:15 of 3rd period - Bryan Rust is hit by Dustin Byfuglien and loses puck.
12:36 of 3rd period - Shot by Frans Nielsen.
12:36 of 3rd period - Stopped by Frederik Andersen without a rebound.
12:37 of 3rd period - Bryan Little wins face-off versus Mikko Koivu in Hurricanes zone.
12:45 of 3rd period - Bryan Little is hit by Radko Gudas and loses puck.
12:56 of 3rd period - Shot by Nick Foligno.
12:56 of 3rd period - Shot Misses the Net.
13:07 of 3rd period - Off-side.
13:08 of 3rd period - Derek Ryan wins face-off versus Frans Nielsen in neutral zone.
13:25 of 3rd period - Shot by Frans Nielsen.
13:25 of 3rd period - Stopped by Frederik Andersen without a rebound.
13:26 of 3rd period - Mikko Koivu wins face-off versus Bryan Little in Hurricanes zone.
14:28 of 3rd period - Shot by Brock Nelson.
14:28 of 3rd period - Deflect By Frans Nielsen.
14:28 of 3rd period - Shot Misses the Net.
14:45 of 3rd period - Leo Komarov is hit by Nick Holden and loses puck.
16:00 of 3rd period - Dustin Byfuglien is hit by Jamie Benn and loses puck.
16:04 of 3rd period - Icing by Dustin Byfuglien.
16:05 of 3rd period - Radek Faksa wins face-off versus Bryan Little in Hurricanes zone.
16:24 of 3rd period - Nick Holden is hit by Nick Foligno.
17:00 of 3rd period - Shot by Leo Komarov.
17:00 of 3rd period - Shot Misses the Net.
18:12 of 3rd period - Icing by Mikko Koivu.
18:13 of 3rd period - Leo Komarov wins face-off versus Mikko Koivu in Jets zone.
18:24 of 3rd period - Shot by Zach Parise.
18:24 of 3rd period - Stopped by Keith Kinkaid without a rebound.
18:25 of 3rd period - Frans Nielsen wins face-off versus Bryan Little in Jets zone.
18:54 of 3rd period - Shot by Rickard Rakell.
18:54 of 3rd period - Stopped by Frederik Andersen without a rebound.
18:55 of 3rd period - Derek Ryan wins face-off versus Mikko Koivu in Hurricanes zone.
19:09 of 3rd period - Off-side.
19:10 of 3rd period - Leo Komarov wins face-off versus Radek Faksa in neutral zone.
19:39 of 3rd period - Shot by Rickard Rakell.
19:39 of 3rd period - Shot Blocked by Brett Pesce.
Goals for this period are 0 for Hurricanes vs 0 for Jets.
Shots for this period are 3 for Hurricanes vs 6 for Jets.